 Dungeon Crawl Stone Soup version 0.20-a0-959-gdc9e609 (webtiles) character file.

3321 Goblin1989 the Basher (level 10, -4/79 HPs)
             Began as a Barachi Gladiator on Apr 6, 2017.
             Was a Believer of Ashenzari.
             Slain by a wyvern (9 damage)
             ... on level 8 of the Dungeon.
             The game lasted 00:23:28 (8803 turns).

Goblin1989 the Basher (Barachi Gladiator)           Turns: 8803, Time: 00:23:28

Health: -4/79      AC:  9    Str: 20    XL:     10   Next: 2%
Magic:  0/10       EV: 15    Int:  8    God:    Ashenzari [**....]
Gold:   388        SH:  4    Dex: 13    Spells: 9/9 levels left

rFire    . . .     SeeInvis +   a - +0 flail (curse)
rCold    . . .     Gourm    .   (no shield)
rNeg     . . .     Faith    .   D - +0 scale mail
rPois    .         Spirit   +   c - +0 helmet
rElec    .         Reflect  .   (no cloak)
rCorr    .         Harm     .   (no gloves)
MR       ++...                  (no boots)
Stlth    ..........             B - amulet of guardian spirit (curse)
Regen    0.3/turn               y - +2 ring of evasion
MPRegen  0.2/turn               m - ring of protection from magic (curse)

@: slow
A: +LOS, swims, large bone plates 1, see invisible, magic resistance 1, slowness
1, strong legs 1
a: Hop, Curse Item, Scrying, Renounce Religion


You were on level 8 of the Dungeon.
You worshipped Ashenzari.
Ashenzari was pleased with you.
You were not hungry.

You visited 1 branch of the dungeon, and saw 8 of its levels.

You collected 388 gold pieces.

Inventory:

Hand Weapons
 a - a cursed +0 flail (weapon)
 z - a +2 whip of freezing
Missiles
 Z - 3 throwing nets {!d, =f}
Armour
 c - a +0 helmet (worn)
 t - a +0 plate armour
 D - a +0 scale mail (worn)
Jewellery
 m - a cursed ring of protection from magic (right hand)
 y - a +2 ring of evasion (left hand)
 B - a cursed amulet of guardian spirit (around neck)
Wands
 q - a wand of disintegration (5/24)
 L - a wand of lightning (8/15)
Scrolls
 b - 2 scrolls of enchant weapon {unknown}
 d - 3 scrolls of recharging {unknown}
 l - 2 scrolls of remove curse {@r2}
 n - a scroll of vulnerability {unknown}
 o - 4 scrolls of identify {unknown}
 p - 3 scrolls of amnesia {unknown}
 u - 2 scrolls of fog {unknown}
 w - 4 scrolls of teleportation {unknown}
 C - 2 scrolls of immolation {unknown}
Potions
 f - a potion of berserk rage {unknown}
 i - 4 potions of curing {@q1}
 j - a potion of lignification {unknown}
 k - a potion of agility
 r - a potion of flight
 v - a potion of ambrosia
 x - 2 potions of heal wounds {@q2, !q}
 F - a potion of degeneration {unknown}
Comestibles
 e - 4 bread rations {@e1}
 g - 4 meat rations {@e2}
 h - 2 royal jellies
 s - 3 fruits


   Skills:
 + Level 7.4 Fighting
 * Level 10.7(12.7) Maces & Flails
 - Level 2.0 Throwing
 + Level 6.8 Armour
 + Level 7.1 Dodging


You had 9 spell levels left.
You didn't know any spells.

Dungeon Overview and Level Annotations

Branches:
Dungeon (8/15)             Temple (0/1) D:4
   Lair: D:8-11

Altars:
Ashenzari
Dithmenos
Fedhas
Hepliaklqana
Ru
Trog


Innate Abilities, Weirdness & Mutations

Shadows flee at your approach. (+LOS)
You can swim through water.
You cover ground slowly.
You can hop short distances.
You are partially covered in large bone plates. (SH +4)
You have supernaturally acute eyesight. (SInv)
You are resistant to hostile enchantments. (MR+)


Message History

You barely miss the adder. The orc wizard closely misses you.
The adder bites you but does no damage.
You barely miss the adder. The orc wizard completely misses you.
The adder barely misses you.
You miss the adder. The adder bites you but does no damage.
You closely miss the adder.
The orc wizard points at you and mumbles some strange words.
The magic dart hits you! The adder closely misses you.
You sock the adder!
The adder is almost dead.
The orc wizard hits you with a hand axe.
* * * LOW HITPOINT WARNING * * *
The adder misses you.
You take 1 damage, and have 28/79 hp.
You miss the adder.
The adder is almost dead.
You block the adder's attack.
You sock the adder!
You kill the adder!
The orc wizard barely misses you. The orc wizard barely misses you.
You hit the orc wizard.
The orc wizard is moderately wounded.
The orc wizard barely misses you.
You sock the orc wizard!
The orc wizard is severely wounded.
The orc wizard mumbles some strange words.
The orc wizard blinks!
The orc wizard drinks a potion.
The orc wizard is healed!
Things that are here:
a scroll of remove curse {@r2}; an orc corpse You hit the orc wizard but do no damage.
The orc wizard hits you with a hand axe.
* * * LOW HITPOINT WARNING * * *
You take 3 damage, and have 27/79 hp.
You now have 8/10 mp.
You sock the orc wizard!
The orc wizard is severely wounded.
You barely miss the orc wizard.
The orc wizard is severely wounded.
The orc wizard barely misses you.
You closely miss the orc wizard.
The orc wizard is severely wounded.
The orc wizard barely misses you.
You hit the orc wizard.
You kill the orc wizard!
Things that are here:
a +0 hand axe; an uncursed leather armour; an orc corpse Magic restored.
You hear a distant blaring wail to the southeast.
A wyvern comes into view.
You regained 6 hp, and now have 35/79 hp.
MP restored: 10 You are too injured to fight recklessly!
You hit the wyvern.
The wyvern is lightly wounded.
You block the wyvern's attack.
You closely miss the wyvern.
The wyvern is lightly wounded.
The wyvern bites you but does no damage.
You hit the wyvern.
The wyvern is moderately wounded.
The wyvern bites you.
* * * LOW HITPOINT WARNING * * *
You take 1 damage, and have 35/79 hp.
You now have 9/10 mp.
You hit the wyvern.
The wyvern is moderately wounded.
The wyvern closely misses you.
You hit the wyvern.
The wyvern is moderately wounded.
The wyvern completely misses you.
You closely miss the wyvern.
The wyvern is moderately wounded.
The wyvern barely misses you.
You closely miss the wyvern.
The wyvern is moderately wounded.
You block the wyvern's attack. The wyvern bites you!
* * * LOW HITPOINT WARNING * * *
A scorpion comes into view.
You take 11 damage, and have 24/79 hp.
You now have 7/10 mp.
You closely miss the wyvern.
The wyvern is moderately wounded.
The scorpion moves out of view.
You block the wyvern's attack.
You sock the wyvern!
The wyvern is heavily wounded.
The wyvern bites you!
* * * LOW HITPOINT WARNING * * *
You take 10 damage, and have 14/79 hp.
You now have 4/10 mp.
You hit the wyvern.
The wyvern is severely wounded.
The wyvern bites you.
You now have 3/10 mp.
You hit the wyvern but do no damage.
The wyvern is severely wounded.
The wyvern bites you!
* * * LOW HITPOINT WARNING * * *
You take 9 damage, and have 5/79 hp.
You now have 2/10 mp.
You barely miss the wyvern.
The wyvern is severely wounded.
The wyvern bites you!
You die...

█.§§§§.§§§█.......█ ▓▓
▓▓§§§..§§████████.█ ·
█§..§§██ .█ · ████§§§███
.█▓ ▓ .....§§█.██ .█ █
███.█.█...███████.██.███
▓ █
█........)........>██
█.......?)..█.█...... ·
█.......███.@..█ ·
....█.....█


███l██ ▓ .....██.█)██ ..█ · ▓· ...... ███.█ .█.█· · █...█.· ·... · ·....█ ▓
██.██ ▓█[.██ ▓ .█ ██ · ▓ █. █..█ .█ · · .?. ▓.█ ·· · ██. .█ · You could see a
wyvern.

Vanquished Creatures
  A two-headed ogre (D:8)
  Pikel (D:8)
  Joseph (D:7)
  Prince Ribbit (D:5)
  A hungry ghost (D:7)
  A phantom (D:5)
  A black bear (D:7)
  3 ogres
  A slave (D:8)
  A centaur (D:4)
  4 bullfrogs
  Blork the orc (D:6)
  A scorpion (D:5)
  A howler monkey (D:7)
  3 crimson imps
  2 quasits
  3 hounds
  2 orc priests
  4 orc wizards
  A bullfrog skeleton (D:6)
  2 iguanas
  Jessica (D:3)
  Ijyb (D:3)
  4 worker ants
  A hound skeleton (D:7)
  5 adders
  4 gnolls
  2 shadow imps
  2 oozes
  2 worms
  3 dart slugs
  5 leopard geckos
  17 orcs
  5 giant cockroaches
  7 goblins
  10 hobgoblins
  9 jackals
  4 quokkas
  3 ball pythons
  10 bats
  A jackal zombie (D:5)
  10 kobolds
  A leopard gecko skeleton (D:6)
  7 rats
150 creatures vanquished.

Vanquished Creatures (others)
  2 slaves (D:8)
  An orc priest (D:8)
  An orc (D:8)
4 creatures vanquished.

Grand Total: 154 creatures vanquished

Notes
Turn   | Place    | Note
-------+----------+-------------------------------------------
     0 | D:1      | Goblin1989 the Barachi Gladiator began the quest for the Orb.
     0 | D:1      | Reached XP level 1. HP: 17/17 MP: 1/1
   166 | D:1      | Reached XP level 2. HP: 21/23 MP: 2/2
   167 | D:1      | Reached skill level 4 in Maces & Flails
   231 | D:1      | Found a shattered altar of Ashenzari.
   240 | D:1      | Became a worshipper of Ashenzari the Shackled
   620 | D:1      | Reached XP level 3. HP: 25/28 MP: 3/3
  1039 | D:2      | Reached skill level 5 in Maces & Flails
  1043 | D:2      | Reached XP level 4. HP: 18/34 MP: 4/4
  1988 | D:3      | Noticed Jessica
  2011 | D:3      | Killed Jessica
  2011 | D:3      | Reached XP level 5. HP: 28/40 MP: 5/5
  2028 | D:3      | Found a hazy altar of Hepliaklqana.
  2128 | D:3      | Reached * piety under Ashenzari
  2149 | D:3      | Reached skill level 1 in Armour
  2250 | D:3      | Noticed Ijyb
  2263 | D:3      | Killed Ijyb
  3267 | D:3      | Reached skill level 6 in Maces & Flails
  3535 | D:3      | Found a bloodstained altar of Trog.
  3539 | D:3      | Found a blossoming altar of Fedhas.
  3648 | D:4      | Noticed an ogre
  3663 | D:4      | Killed an ogre
  3663 | D:4      | Reached XP level 6. HP: 41/47 MP: 6/6
  3910 | D:4      | Found a staircase to the Ecumenical Temple.
  4365 | D:4      | Reached XP level 7. HP: 48/54 MP: 5/7
  4374 | D:4      | Reached skill level 7 in Maces & Flails
  4819 | D:5      | Entered Level 5 of the Dungeon
  5174 | D:5      | Noticed Prince Ribbit
  5192 | D:6      | Noticed Blork the orc
  5193 | D:6      | Reached ** piety under Ashenzari
  5199 | D:6      | Killed Blork the orc
  5422 | D:5      | Killed Prince Ribbit
  5422 | D:5      | Reached skill level 8 in Maces & Flails
  5422 | D:5      | Reached skill level 5 in Dodging
  5422 | D:5      | Reached XP level 8. HP: 32/61 MP: 4/8
  5643 | D:5      | Reached skill level 5 in Fighting
  6371 | D:6      | Identified the +6 dagger of Yredelemnul's Favour {freeze, +Fly Str+6}
  7086 | D:7      | Reached skill level 5 in Armour
  7185 | D:7      | Reached skill level 9 in Maces & Flails
  7409 | D:7      | Reached XP level 9. HP: 62/69 MP: 9/9
  7737 | D:7      | Noticed Joseph
  7741 | D:7      | Gained mutation: You have supernaturally acute eyesight. (SInv) [potion of mutation]
  7741 | D:7      | Gained mutation: You are resistant to hostile enchantments. (MR+) [potion of mutation]
  7741 | D:7      | Gained mutation: You are partially covered in large bone plates. (SH +4) [potion of mutation]
  7779 | D:7      | Killed Joseph
  8091 | D:7      | Found a sacrificial altar of Ru.
  8553 | D:8      | Noticed Pikel
  8575 | D:8      | Killed Pikel
  8575 | D:8      | Reached skill level 10 in Maces & Flails
  8638 | D:8      | Found a shadowy altar of Dithmenos.
  8672 | D:8      | Noticed a two-headed ogre
  8687 | D:8      | Killed a two-headed ogre
  8687 | D:8      | Reached XP level 10. HP: 17/79 MP: 1/10
  8803 | D:8      | Slain by a wyvern

Vault maps used:
D:1:      dpeg_arrival_shrine, ashenzari_altar_1
D:3:      grunt_temple_overflow_open, corexii_leaking_fountain, uniq_jessica,
          uniq_iyjb
D:4:      minmay_temple_entry_junction, first_bread, kennysheep_generic_room_13
D:5:      uniq_prince_ribbit1
D:6:      uniq_blork_the_orc
D:7:      basic_altar, uniq_joseph
D:8:      nicolae_dithmenos_the_darkroom, vehumet_statue, uniq_pikel

Skill      XL: |  1  2  3  4  5  6  7  8  9 |
---------------+----------------------------+-----
Maces & Flails | 4 5 6 8 9 10 | 10.7
Armour         | 1 2 4 5 6 |  6.8
Fighting       | 3 4 5 7 |  7.4
Dodging        | 4 5 7 |  7.1
Throwing       | |  2.0

Action                   |  1- 3 |  4- 6 |  7- 9 | 10-12 || total
-------------------------+-------+-------+-------+-------++-------
Melee: Flail             |    77 |   239 |   345 |    34 ||   695
Invok: Curse Item        |     1 |     1 |     1 |       ||     3
  Use: Potion            |       |       |     8 |       ||     8
 Stab: Sleeping          |     2 |       |       |       ||     2
  Eat: Chunk             |     1 |    12 |    11 |       ||    24
       Royal jelly       |       |       |     3 |       ||     3
Armor: Leather armour    |    33 |       |       |       ||    33
       Ring mail         |    12 |    19 |       |       ||    31
       Scale mail        |       |    86 |    76 |     6 ||   168
Dodge: Dodged            |    69 |   171 |   202 |    20 ||   462
Block: Other             |       |       |    15 |     4 ||    19

Vault maps used:
D:1:      dpeg_arrival_shrine, ashenzari_altar_1
D:3:      grunt_temple_overflow_open, corexii_leaking_fountain, uniq_jessica,
          uniq_iyjb
D:4:      minmay_temple_entry_junction, first_bread, kennysheep_generic_room_13
D:5:      uniq_prince_ribbit1
D:6:      uniq_blork_the_orc
D:7:      basic_altar, uniq_joseph
D:8:      nicolae_dithmenos_the_darkroom, vehumet_statue, uniq_pikel
